 Dungeon Crawl Stone Soup version 0.29.1-15-g9cfb28693d (webtiles) character file.

Game seed: 9206799953809291542

803 Lanemaroo the Chopper (level 7, -5/62 HPs)
             Began as a Minotaur Fighter on Mar 13, 2023.
             Was a Follower of Uskayaw.
             Killed from afar by an oklob plant (15 damage)
             ... with a splash of acid
             ... created by the enmity of Fedhas Madash
             ... on level 5 of the Dungeon.
             The game lasted 00:39:13 (4761 turns).

Lanemaroo the Chopper (Minotaur Fighter)            Turns: 4761, Time: 00:39:14

Health: -5/62      AC:  7    Str: 22    XL:     7   Next: 59%
Magic:  6/6        EV:  6    Int:  5    God:    Uskayaw [*.....]
Gold:   377        SH: 12    Dex: 10    Spells: 6/6 levels left

rFire   . . .      SeeInvis .   e - +8 war axe of the Beast {freeze, rN+}
rCold   . . .      Faith    .   t - +0 tower shield
rNeg    + . .      Spirit   .   b - +0 scale mail
rPois   .          Reflect  .   (helmet restricted)
rElec   .          Harm     .   (no cloak)
rCorr   .          Rampage  .   (no gloves)
Will    .....                   (no boots)
Stlth   ..........              (no amulet)
HPRegen 0.20/turn               (no ring)
MPRegen 0.10/turn               (no ring)

@: no status effects
A: horns 2, retaliatory headbutt
a: Renounce Religion, Stomp


You were on level 5 of the Dungeon.
You worshipped Uskayaw.
Uskayaw was noncommittal.
You visited 2 branches of the dungeon, and saw 6 of its levels.

You collected 377 gold pieces.

Inventory:

Hand Weapons
 a - a +1 vorpal war axe
 e - the +8 war axe of the Beast (weapon) {freeze, rN+}
   (You acquired it on level 2 of the Dungeon)

   It freezes those it strikes, dealing additional cold damage.
   It can also slow down cold-blooded creatures.
   rN:        It protects you from negative energy.
Armour
 b - a +0 scale mail (worn)
 c - a +0 buckler
 t - a +0 tower shield (worn)
Jewellery
 m - a ring of resist corrosion
 o - an amulet of magic regeneration
Wands
 g - a wand of flame (18)
Scrolls
 p - a scroll of teleportation
 s - a scroll of identify
 u - a scroll of magic mapping {unknown}
Potions
 d - a potion of might
 h - a potion of attraction
 i - a potion of haste
 j - 2 potions of flight {unknown}
 k - a potion of invisibility {unknown}
 l - 2 potions of resistance {unknown}
 n - 2 potions of heal wounds
 q - a potion of brilliance {unknown}
 r - a potion of ambrosia {unknown}


   Skills:
 + Level 5.8 Fighting
 + Level 6.9 Axes
 + Level 6.1 Armour
 + Level 1.1 Dodging
 + Level 0.4 Stealth
 + Level 5.0 Shields


You had 6 spell levels left.
You didn't know any spells.
Your spell library contained the following spells:

 Spells                   Type           Power      Damage    Failure   Level
 Freeze                   Ice            0%         1d3       100%        1
 Magic Dart               Conj           0%         1d3       100%        1
 Searing Ray              Conj           0%         2d4       100%        2
 Frozen Ramparts          Ice            0%         1d1       100%        3
 Stone Arrow              Conj/Erth      0%         3d7       100%        3
 Animate Armour           Summ/Erth      0%         N/A       100%        4
 Fulminant Prism          Conj/Hex       0%         3d6       100%        4
 Hailstorm                Conj/Ice       0%         3d3       100%        4
 Lehudib's Crystal Spear  Conj/Erth      0%         10d2      100%        8


Dungeon Overview and Level Annotations

Branches:
Dungeon (5/15)             Temple (1/1) D:4

Altars:
Ashenzari
Dithmenos
Elyvilon
Fedhas
Gozag
Hepliaklqana
Kikubaaqudgha
Makhleb
Nemelex Xobeh
Okawaru
Sif Muna
Trog
Uskayaw
Vehumet
Wu Jian
Xom
Zin
The Shining One

Annotations:
D:5 1 transporter, exclusion: 2 oklob plants, Soil's ghost, novice HuBe


Innate Abilities, Weirdness & Mutations

You have a pair of horns on your head.
You reflexively headbutt those who attack you in melee.


Message History

You miss Soil's ghost. Your headbutt misses Soil's ghost.
Soil's ghost is lightly damaged.
Soil's ghost barely misses you. You furiously retaliate!
You headbutt Soil's ghost, but do no damage.
You miss Soil's ghost. Your headbutt misses Soil's ghost.
Soil's ghost is lightly damaged.
You block Soil's ghost's attack. x2
You can no longer pass through a line of other dancers.
Soil's ghost attacks as you move away! Soil's ghost hits you!
You slash Soil's ghost! You freeze Soil's ghost.
Your headbutt misses Soil's ghost.
Soil's ghost is moderately damaged.
Soil's ghost hits you!
You can now pass through a line of other dancers.
You closely miss Soil's ghost.
Soil's ghost is moderately damaged.
You block Soil's ghost's attack. Soil's ghost hits you.
You hit Soil's ghost. You freeze Soil's ghost.
Your headbutt misses Soil's ghost.
Soil's ghost is heavily damaged.
Soil's ghost hits you.
You hit Soil's ghost.
Soil's ghost is heavily damaged.
Soil's ghost hits you! x2
* * * LOW HITPOINT WARNING * * *
As you read the scroll of teleportation, it crumbles to dust.
You feel strangely unstable.
Soil's ghost hits you but does no damage.
Soil's ghost attacks as you move away! You block Soil's ghost's attack.
Your surroundings suddenly seem different.
You start resting.
Plants grow around you in an ominous manner.
Marking area around 2 oklob plants as unsafe for travelling. 2 oklob plants come into view.
The oklob plant spits acid at you. The splash of acid hits you!
* * * LOW HITPOINT WARNING * * *
The oklob plant spits acid at you. The splash of acid hits you!
You die...

## ###. #..# .## ..###...
##.# ..###........## ##..#
#.............### ###..##
#...............## ##...##
#..#......(......####
##...##
#...................###..###
#..................P....##
#.....>.........@.....P.#
............>...###.....#
.##.............# ##...##
###............## #...# #
#.....(......# #..##
#............# #..#
#............# ##.#
##.........### #.#
########### ###


You could see 2 oklob plants.

Vanquished Creatures
  Sigmund (D:4)
  An ogre (D:3)
  A phantom (D:4)
  A howler monkey (D:5)
  A bullfrog zombie (D:5)
  A hound (D:5)
  A centaur zombie (D:5)
  An orc priest (D:4)
  Jessica (D:3)
  Ijyb (D:3)
  An iguana (D:3)
  An orc wizard (D:4)
  7 adders
  4 gnolls (D:4)
  A howler monkey skeleton (D:5)
  3 worms (D:2)
  A dart slug (D:2)
  12 orcs
  5 endoplasms
  4 giant cockroaches
  10 goblins
  10 hobgoblins
  3 jackals (D:1)
  7 quokkas
  12 ball pythons
  5 bats
  6 frilled lizards
  10 kobolds
  8 rats
120 creatures vanquished.

Vanquished Creatures (others)
  3 fungi (D:1)
3 creatures vanquished.

Grand Total: 123 creatures vanquished

Notes
Turn   | Place    | Note
-------+----------+-------------------------------------------
     0 | D:1      | Lanemaroo the Minotaur Fighter began the quest for the Orb.
     0 | D:1      | Reached XP level 1. HP: 19/19 MP: 0/0
    58 | D:1      | Reached XP level 2. HP: 27/27 MP: 1/1
   169 | D:1      | Found a faded altar of an unknown god.
   201 | D:1      | Prayed at the altar of an unknown god.
   201 | D:1      | Became a worshipper of Fedhas Madash
   201 | D:1      | Reached * piety under Fedhas
   882 | D:1      | Reached XP level 3. HP: 33/33 MP: 2/2
   962 | D:2      | Reached ** piety under Fedhas
  1026 | D:2      | Identified a scroll of acquirement
  1026 | D:2      | Acquired the +8 war axe of the Beast {freeze, rN+}
  1279 | D:3      | Reached XP level 4. HP: 40/40 MP: 3/3
  1384 | D:3      | Noticed Jessica
  1389 | D:3      | Killed Jessica
  1534 | D:3      | Noticed Ijyb
  1542 | D:3      | Killed Ijyb
  1543 | D:3      | Reached XP level 5. HP: 34/47 MP: 4/4
  1675 | D:3      | Noticed an ogre
  1679 | D:3      | Killed an ogre
  1680 | D:3      | Reached skill level 5 in Axes
  1831 | D:3      | Identified the +1 robe of Sufficient Beauty {rC+ rN+ Str+3
                  | Int-5}
  1862 | D:3      | Found a shimmering altar of Xom.
  2029 | D:2      | Reached *** piety under Fedhas
  2099 | D:4      | Reached XP level 6. HP: 53/53 MP: 5/5
  2445 | D:4      | Found a broken altar of Ashenzari.
  2659 | D:4      | Reached skill level 5 in Armour
  2722 | D:4      | Noticed Sigmund
  2738 | D:4      | Killed Sigmund
  2739 | D:4      | Reached skill level 1 in Dodging
  2739 | D:4      | Reached skill level 5 in Shields
  2739 | D:4      | Reached XP level 7. HP: 52/60 MP: 6/6
  3003 | D:4      | Found a staircase to the Ecumenical Temple.
  3174 | Temple   | Entered the Ecumenical Temple
  3236 | Temple   | Fell from the grace of Fedhas
  3236 | Temple   | Became a worshipper of Uskayaw the Reveller
  3290 | D:4      | Reached * piety under Uskayaw
  3302 | D:4      | Reached ** piety under Uskayaw
  3304 | D:4      | Reached skill level 5 in Fighting
  3942 | D:2      | Found a white marble altar of Elyvilon.
  4005 | D:5      | Entered Level 5 of the Dungeon
  4172 | D:5      | Found a hazy altar of Hepliaklqana.
  4191 | D:5      | Found a transporter.
  4198 | D:5      | Noticed Soil's ghost (novice HuBe)
  4217 | D:5      | Reached *** piety under Uskayaw
  4302 | D:5      | Found a transporter.
  4758 | D:5      | Noticed an oklob plant
  4758 | D:5      | Noticed an oklob plant
  4761 | D:5      | Killed from afar by an oklob plant

Illustrated notes

Levels and vault maps discovered:
D:1:      eino_arrival_water_star, layout_basic,
          shapermc_ecumenical_altar_ellora
D:2:      layout_rooms, basic_altar
D:3:      minmay_bubble_buster, layout_loops_ring, mainiacjoe_overflow_alcove_2,
          uniq_ijyb, uniq_jessica
D:4:      layout_loops_ring, mainiacjoe_overflow_small_starburst,
          minmay_temple_entry_arrows, uniq_sigmund
D:5:      layout_cave_pods, mainiacjoe_overflow_six_doors_small,
          gammafunk_ghost_mausoleum
Temple:   eino_wide_crystal_templ

Skill      XL: |  1  2  3  4  5  6  7 |
---------------+----------------------+-----
Armour         | 4 5 6 |  6.1
Fighting       | 4 5 |  5.8
Axes           | 4 5 6 |  6.9
Shields        | 4 5 |  5.0
Dodging        | 1 |  1.1
Stealth        | |  0.4

Action                   |  1- 3 |  4- 6 |  7- 9 || total
-------------------------+-------+-------+-------++-------
Melee: War axe           |   121 |    71 |    74 ||   266
       Headbutt          |    20 |     6 |    10 ||    36
Evoke: Wand              |       |       |     1 ||     1
  Use: Scroll            |     4 |     5 |     4 ||    13
       Potion            |       |       |     3 ||     3
 Stab: Paralysed         |       |       |     2 ||     2
Armor: Scale mail        |    49 |    38 |    24 ||   111
Dodge: Dodged            |    45 |    31 |    14 ||    90
Block: Buckler           |    33 |    20 |    12 ||    65
       Tower shield      |       |       |    24 ||    24
